 Dungeon Crawl Stone Soup version 0.30-a0-847-g17996783a1 (webtiles) character file.

Game seed: 9996590285454837728

4 holysushi the Trooper (level 1, -4/18 HPs)
             Began as a Demonspawn Monk on Mar 3, 2023.
             Frozen to death by an endoplasm (5 damage)
             ... on level 1 of the Dungeon.
             The game lasted 00:00:11 (117 turns).

holysushi the Trooper (Demonspawn Monk)              Turns: 117, Time: 00:00:11

Health: -4/18      AC:  2    Str: 11    XL:     1   Next: 50%
Magic:  1/1        EV: 12    Int: 11    God:
Gold:   0          SH:  0    Dex: 15    Spells: 0/0 levels left

rFire   . . .      SeeInvis .    a - +0 short sword
rCold   . . .      Faith    .    (no shield)
rNeg    . . .      Spirit   .    b - +0 robe
rPois   .          Reflect  .    (no helmet)
rElec   .          Rampage  .    (no cloak)
rCorr   .                        (no gloves)
Will    .....                    (no boots)
Stlth   ++                       (no amulet)
HPRegen 0.23/turn                (no ring)
MPRegen 0.07/turn                (no ring)

@: no status effects
A: no striking features
a: no special abilities


You were on level 1 of the Dungeon.
You visited 1 branch of the dungeon, and saw 1 of its levels.

Inventory:

Hand Weapons
 a - a +0 short sword (weapon)
Armour
 b - a +0 robe (worn)
Potions
 c - a potion of ambrosia
 d - a potion of attraction {unknown}


   Skills:
 - Level 3.0 Fighting
 + Level 3.0 Short Blades
 - Level 2.6 Dodging
 - Level 1.7 Stealth


You couldn't memorise any spells.
You didn't know any spells.
Your spell library was empty.

Dungeon Overview and Level Annotations

Branches:
Dungeon (1/15) Zot: 5885

Altars:


Message History

An endoplasm comes into view.
The goblin barely misses you.
You hit the goblin.
The goblin is heavily wounded.
The goblin hits you with a +0 club. The goblin attacks as you move away!
The goblin barely misses you.
You hit the goblin but do no damage.
The goblin is heavily wounded.
The goblin barely misses you.
You hit the goblin.
The goblin is severely wounded.
The goblin hits you but does no damage.
A kobold comes into view. It is wielding a +3 short sword.
The goblin attacks as you move away! The goblin hits you with a +0 club.
Things that are here:
a +0 dagger of draining; a kobold corpse You hit the kobold but do no damage.
The kobold hits you with a +3 short sword.
The endoplasm closely misses you.
You are too injured to fight recklessly!
You are too injured to fight recklessly!
You miss the kobold. The endoplasm barely misses you.
The kobold hits you with a +3 short sword.
* * * LOW HITPOINT WARNING * * *
You completely miss the kobold. You hit the kobold but do no damage.
The endoplasm closely misses you. The kobold hits you but does no damage.
You barely miss the kobold.
The endoplasm jiggles.
The endoplasm hits you.
* * * LOW HITPOINT WARNING * * *
The kobold hits you but does no damage.
Press: ? - help, v - describe, . - travel
Here: a kobold, wielding a +3 short sword The floor.
Unknown command.
You closely miss the kobold. The endoplasm freezes you.
You are frozen.
You die...

.# .# ####.## #?....
#.#..# #.#..## #.#...#
############## #.Jg#.#
.....#.......# #@#.......
...#.....).#.###K#.....##
.......###.......#....##
..............#######...
..†....#...#.... )###
...#...#...#.....# #
...............#.#
#.########.##..#... #.#
#...... ...


You could see an endoplasm, a goblin and a kobold.

Vanquished Creatures
  A bat (D:1)
  2 kobolds (D:1)
  A rat (D:1)
4 creatures vanquished.

Notes
Turn   | Place    | Note
-------+----------+-------------------------------------------
     0 | D:1      | holysushi the Demonspawn Monk began the quest for the Orb.
     0 | D:1      | Reached XP level 1. HP: 18/18 MP: 1/1
   117 | D:1      | Frozen to death by an endoplasm

Illustrated notes

Levels and vault maps discovered:
D:1:      tarquinn_simple_flora_water_a, layout_loops_cross

Skill      XL: |  1 |
---------------+----+-----
Short Blades   | 3 |  3.0
Fighting       | |  3.0
Dodging        | |  2.6
Stealth        | |  1.7

Action                     || total
---------------------------++-------
  Melee: Short sword       ||    23
 Armour: Robe              ||     9
  Dodge: Dodged            ||    13

Table legend: (Time is in decaauts)
 A = Elapsed time spent in this place.
 B = Non-inter-level travel time spent in this place.
 C = Inter-level travel time spent in this place.
 D = Time resting spent in this place.
 E = Time spent auto-exploring this place.
 F = Levels seen in this place.
 G = Mean time per level.
                   A        B        C        D        E       F      G
               +--------+--------+--------+--------+--------+-----+--------+
         Total |    113 |    113 |      0 |      0 |     71 |   1 |  113.0 |
       Dungeon |    113 |    113 |      0 |      0 |     71 |   1 |  113.0 |
               +--------+--------+--------+--------+--------+-----+--------+

Top non-repeatable levels by time:
     D:1: 113 daAuts
